Map: Blueshift LE

Players

Gemini

  • Race: Protoss Protoss
  • League: Master
  • Spawn Location: 7:00

A.I. 1 (Very Easy) - Winner!

  • Race: Protoss Protoss
  • Spawn Location: 1:00

VOD

Have the link to the VOD?

Description

Time

  • Played on: Oct. 1, 2018, 4:27 p.m.
  • Length: 9:11
Show
View Real Time Build Order
Export as new Build Order

Gemini Protoss 

Build Orders: Oracle Opening, Zealot Archon 

Get SALT Encoding   

  12  0:00  Probe  
  13  0:13  Probe  
  14  0:17  Pylon  
  14  0:24  Probe  
  15  0:32  Probe  
  15  0:38  Gateway  
  15  0:40  Probe  
  16  0:46  Assimilator  
  17  0:51  Probe  
  17  0:55  Assimilator  
  18  1:02  Probe  
  19  1:10  Probe  
  19  1:12  Gateway  
  20  1:18  Probe  
  21  1:25  Cybernetics Core  
  21  1:29  Probe  
  22  1:37  Pylon  
  22  1:42  Probe  
  23  1:55  Probe  
  24  2:03  Sentry, Stalker, Warp Gate  
  28  2:10  Pylon  
  28  2:29  Stalker  
  30  2:34  Stargate  
  30  2:50  Nexus  
  30  2:58  Stalker  
  32  3:04  Probe  
  33  3:09  Oracle  
  33  3:10  Shield Battery  
  33  3:16  Probe  
  33  3:25  Pylon  
  37  3:29  Probe  
  38  3:41  Probe  
  38  3:46  Oracle  
  41  3:53  Probe  
  42  4:00  Probe  
  43  4:05  Probe  
  43  4:08  Robotics Facility  
  45  4:15  Probe  
  46  4:18  Probe  
  46  4:20  Adept x2  
  51  4:27  Probe  
  51  4:28  Probe  
  53  4:35  Pylon  
  53  4:36  Probe  
  53  4:39  Probe  
  53  4:44  Probe  
  55  4:50  Forge  
  55  4:52  Probe  
  57  4:56  Probe, Immortal  
  58  5:04  Sentry, Probe  
  61  5:08  Probe  
  61  5:10  Protoss Ground Weapons Level 1  
  61  5:11  Pylon  
  62  5:16  Probe  
  62  5:20  Probe  
  64  5:22  Twilight Council  
  64  5:25  Pylon  
  64  5:28  Probe  
  65  5:30  Assimilator  
  65  5:31  Assimilator  
  65  5:32  Probe  
  65  5:35  Observer  
  67  5:36  Pylon  
  67  5:40  Probe  
  69  5:53  Pylon  
  68  5:58  Charge  
  68  6:04  Immortal  
  68  6:11  Gateway x2  
  72  6:13  Gateway  
  72  6:15  Gateway  
  72  6:19  Gateway  
  72  6:22  Gateway  
  72  6:25  Templar Archives  
  72  6:30  Protoss Ground Weapons Level 2  
  72  6:31  Pylon  
  72  6:34  Immortal  
  76  6:53  Zealot x2  
  80  7:02  Pylon  
  80  7:08  High Templar x2  
  82  7:12  Archon  
  82  7:14  Nexus  
  84  7:18  Pylon  
  84  7:19  Warp Prism  
  84  7:21  Zealot x2  
  90  7:23  Zealot  
  90  7:28  Zealot  
  94  7:30  Zealot  
  94  7:35  Zealot  
  98  7:41  High Templar x2  
  98  7:43  Zealot x2  
  106  7:51  Archon  
  106  7:52  Zealot x3  
  112  8:00  Pylon  
  112  8:02  Pylon  
  112  8:08  High Templar x2  
  112  8:09  Zealot  
  118  8:13  Archon  
  118  8:16  Zealot x3  
  124  8:27  Zealot x2  
  124  8:32  Zealot  
  130  8:37  Zealot, High Templar x2  
  136  8:41  Zealot  
  136  8:42  Zealot, Archon  
  140  9:03  Zealot x6  
Show
View Real Time Build Order
Export as new Build Order

A.I. 1 (Very Easy) Protoss - Winner!

Build Orders:  

Get SALT Encoding   

  12  0:00  Probe  
  13  0:13  Probe  
  14  0:19  Pylon  
  14  0:36  Assimilator  
  14  0:43  Gateway  
  14  0:45  Pylon  
  14  1:15  Assimilator  
  14  1:24  Probe  
  14  1:30  Zealot  
  14  1:32  Cybernetics Core, Probe  
  18  1:40  Probe  
  19  1:51  Probe  
  20  2:00  Probe  
  20  2:08  Probe, Warp Gate  
  22  2:41  Stalker  
  24  4:00  Probe  
  24  4:26  Probe  
  24  4:52  Stalker, Probe  
  24  4:54  Pylon  
  17  5:02  Probe  
  14  5:10  Probe  
  15  5:18  Probe  
  15  5:21  Zealot  
  18  5:30  Probe  
  19  5:43  Probe  
  19  5:49  Stalker  
  22  5:55  Probe  
  23  6:07  Probe  
  24  6:19  Probe  
  25  6:31  Probe  
  26  6:43  Probe  
  27  6:55  Probe  
  28  7:16  Probe  
  28  7:22  Adept  
  31  7:24  Probe, Pylon  
  31  7:26  Robotics Facility  
  31  7:29  Nexus  
  32  7:34  Probe  
  33  7:47  Probe  
  26  7:59  Probe  
  25  8:08  Probe  
  23  8:16  Observer, Probe  
  23  8:17  Stalker  
  26  8:25  Probe  
  28  8:34  Observer  
  29  8:42  Probe  
  30  8:49  Probe  
  30  8:53  Assimilator  
  31  8:56  Probe  
  31  8:58  Stalker  
Tags
 
Composition
Zealot Archon
League
Master
Matchup
PvP
Spawn Locations
Cross Positions
Add a new tag
Caveats
  • Supply blocks, unpowered buildings, or Contaminate may cause inaccurate times.
  • Supply counts are checked every 10 seconds.